 Dungeon Crawl Stone Soup version 0.29.1-2-gbd0b4ee654 (webtiles) character file.

Game seed: 3361125888625061561

165 Descartes the Charlatan (level 5, -4/24 HPs)
             Began as a Spriggan Wanderer on Nov 29, 2022.
             Slain by an ice beast (11 damage)
             ... on level 4 of the Dungeon.
             The game lasted 00:09:01 (4196 turns).

Descartes the Charlatan (Spriggan Wanderer)         Turns: 4196, Time: 00:09:01

Health: -4/24      AC:  3    Str:  9    XL:     5   Next: 21%
Magic:  4/11       EV: 18    Int: 14    God:
Gold:   193        SH:  0    Dex: 18    Spells: 1/11 levels left

rFire   . . .      SeeInvis +   a - +0 dagger
rCold   . . .      Faith    .   (no shield)
rNeg    . . .      Spirit   .   c - +0 robe
rPois   +          Reflect  .   (helmet restricted)
rElec   .          Harm     .   k - +0 cloak
rCorr   .          Rampage  .   (gloves unavailable)
Will    .....                   (boots unavailable)
Stlth   ++........              t - amulet of the acrobat
HPRegen 0.08/turn               u - ring "Tonemp" {rPois Dex+3}
MPRegen 0.12/turn               (no ring)

@: very quick
A: very small, no large weapons, unfitting armour, see invisible, speed 3
a: no special abilities


You were on level 4 of the Dungeon.
You visited 1 branch of the dungeon, and saw 4 of its levels.

You collected 193 gold pieces.

Inventory:

Hand Weapons
 a - a +0 dagger (weapon)
Missiles
 g - 9 poisoned darts
Armour
 c - a +0 robe (worn)
 k - a +0 cloak (worn)
Magical Staves
 j - a staff of air
Jewellery
 t - an amulet of the acrobat (around neck)
 u - the ring "Tonemp" (left hand) {rPois Dex+3}
   (You found it on level 3 of the Dungeon)

   [ring of poison resistance]

   Dex:       It affects your dexterity (+3).
   rPois:     It protects you from poison.
Wands
 r - a wand of flame (18)
Scrolls
 e - 2 scrolls of magic mapping {unknown}
 f - 3 scrolls of silence {unknown}
 h - 2 scrolls of vulnerability {unknown}
 i - 2 scrolls of fear {unknown}
 m - a scroll of noise {unknown}
 p - 2 scrolls of immolation {unknown}
 s - a scroll of poison {unknown}
 v - a scroll of acquirement {unknown}
 w - a scroll of summoning {unknown}
 x - a scroll of butterflies {unknown}
 y - a scroll of identify {unknown}
 A - a scroll of enchant weapon {unknown}
Potions
 b - 2 potions of heal wounds
 l - 2 potions of attraction {unknown}
 n - a potion of degeneration {unknown}
 o - a potion of haste {unknown}
 q - a potion of invisibility {unknown}
 z - a potion of berserk rage {unknown}
Miscellaneous
 d - a piece from Xom's chessboard (15/15) (quivered)


   Skills:
 + Level 0.4 Short Blades
 + Level 3.4 Dodging
 + Level 2.7 Stealth
 + Level 3.6 Spellcasting
 + Level 2.7 Hexes
 + Level 3.3 Necromancy
 + Level 3.7 Evocations


You had one spell level left.
You knew the following spells:

 Your Spells              Type           Power      Damage    Failure   Level
a - Necrotise             Necr           44%        1d6       5%          1
b - Vampiric Draining     Necr           11%        2d6       16%         3
c - Sublimation of Blood  Necr           11%        N/A       8%          2
d - Animate Dead          Necr           11%        N/A       45%         4

Your spell library contained the following spells:

 Spells                   Type           Power      Damage    Failure   Level
 Slow                     Hex            40%        N/A       7%          1
 Tukima's Dance           Hex            10%        N/A       21%         3
 Agony                    Necr           11%        N/A       82%         5


Dungeon Overview and Level Annotations

Branches:
Dungeon (4/15)
 Temple: D:4-7

Altars:
Dithmenos
Elyvilon
Ru
Yredelemnul


Innate Abilities, Weirdness & Mutations

You are very small and have problems with some larger weapons.
You are too small for most types of armour.
You have supernaturally acute eyesight. (SInv)
You cover ground extremely quickly. (Speed+++)


Message History

Aiming: Necrotise (safe; 5% risk of failure)
Press: ? - help, Shift-Dir - straight line, f/p - ice beast
Aim: an ice beast (chance to affect: 65%)
The ice beast writhes in agony.
Casting: Necrotise (safe; 5% risk of failure)
Confirm with . or Enter, or press ? or * to list all spells.
Aiming: Necrotise (safe; 5% risk of failure)
Press: ? - help, Shift-Dir - straight line, f/p - ice beast
Aim: an ice beast (lightly wounded, chance to affect: 65%)
The ice beast writhes in agony.
You barely miss the ice beast.
The ice beast is moderately wounded.
The ice beast hits you. The ice beast freezes you!
Casting: Necrotise (safe; 5% risk of failure)
Confirm with . or Enter, or press ? or * to list all spells.
Aiming: Necrotise (safe; 5% risk of failure)
Press: ? - help, Shift-Dir - straight line, f/p - ice beast
Aim: an ice beast (moderately wounded, chance to affect: 65%)
The ice beast writhes in agony.
The ice beast misses you.
Casting: Necrotise (safe; 5% risk of failure)
Confirm with . or Enter, or press ? or * to list all spells.
Aiming: Necrotise (safe; 5% risk of failure)
Press: ? - help, Shift-Dir - straight line, f/p - ice beast
Aim: an ice beast (heavily wounded, chance to affect: 65%)
The ice beast writhes in agony.
Casting: Necrotise (safe; 5% risk of failure)
Confirm with . or Enter, or press ? or * to list all spells.
Aiming: Necrotise (safe; 5% risk of failure)
Press: ? - help, Shift-Dir - straight line, f/p - ice beast
Aim: an ice beast (severely wounded, chance to affect: 65%)
The ice beast struggles to resist.
Casting: Necrotise (safe; 5% risk of failure)
Confirm with . or Enter, or press ? or * to list all spells.
Aiming: Necrotise (safe; 5% risk of failure)
Press: ? - help, Shift-Dir - straight line, f/p - ice beast
Aim: an ice beast (severely wounded, chance to affect: 65%)
The ice beast struggles to resist.
The ice beast hits you.
* * * LOW HITPOINT WARNING * * *
The ice beast freezes you!
You die...

.. ... ....###
......)#####
.......).<.###
..............#
.....####.....#
#... ##Y...#
..# #.@..# ..#
##..## ##.#
#..# #..# #..#
#..# #..# #..#
#..# #..# #..#
#..# #..# #..#
##..#


You could see an ice beast.

Vanquished Creatures
  4 adders
  3 dart slugs
  An orc (D:3)
  12 bats
  2 endoplasms (D:1)
  2 giant cockroaches (D:1)
  6 hobgoblins
  7 jackals
  2 kobolds
  3 quokkas
  9 ball pythons
  A frilled lizard (D:2)
  5 goblins
  6 rats
63 creatures vanquished.

Vanquished Creatures (collateral kills)
  A hound (D:3)
  An orc wizard (D:3)
  A kobold (D:1)
3 creatures vanquished.

Grand Total: 66 creatures vanquished

Notes
Turn   | Place    | Note
-------+----------+-------------------------------------------
     0 | D:1      | Descartes the Spriggan Wanderer began the quest for the
                  | Orb.
     0 | D:1      | Descartes set off with the following items: a +0 dagger, a
                  | potion of heal wounds, a +0 robe, a piece from Xom's
                  | chessboard (15/15); and the following spells available to
                  | memorise: Necrotise, Sublimation of Blood, Slow, Tukima's
                  | Dance, Animate Dead.
     0 | D:1      | Reached XP level 1. HP: 9/9 MP: 5/5
     2 | D:1      | Learned a level 1 spell: Necrotise
   488 | D:1      | Reached XP level 2. HP: 13/13 MP: 6/6
   842 | D:1      | Reached skill level 1 in Stealth
   842 | D:1      | Found a faded altar of an unknown god.
  1490 | D:2      | Reached XP level 3. HP: 16/16 MP: 3/8
  2468 | D:2      | Reached XP level 4. HP: 21/21 MP: 7/9
  2851 | D:3      | Found a sacrificial altar of Ru.
  3276 | D:3      | Learned a level 3 spell: Vampiric Draining
  3290 | D:3      | Reached XP level 5. HP: 23/24 MP: 3/11
  3298 | D:3      | Learned a level 2 spell: Sublimation of Blood
  3303 | D:3      | Learned a level 4 spell: Animate Dead
  3392 | D:3      | Found a shadowy altar of Dithmenos.
  3393 | D:3      | Identified the ring "Tonemp" {rPois Dex+3}
  3999 | D:4      | Found a white marble altar of Elyvilon.
  4060 | D:4      | Found a basalt altar of Yredelemnul.
  4106 | D:4      | Noticed an ice beast
  4196 | D:4      | Slain by an ice beast

Illustrated notes

Levels and vault maps discovered:
D:1:      matt_arrival_grand_opening, layout_rooms, basic_ecumenical_altar,
          st_stairs_2, chequers_serial_rivers_micro_b
D:2:      layout_basic
D:3:      layout_rooms, nicolae_dithmenos_the_darkroom,
          nicolae_ru_great_annihilating_truth, minmay_circle_x
D:4:      layout_layer_cave, kennysheep_ying_yang

Skill      XL: |  1  2  3 |
---------------+----------+-----
Evocations     | 3 |  3.7
Stealth        | 1 2 |  2.7
Spellcasting   | 3 |  3.6
Hexes          | 2 |  2.7
Necromancy     | 3 |  3.3
Dodging        | 3 |  3.4
Short Blades   | |  0.4

Action                   |  1- 3 |  4- 6 || total
-------------------------+-------+-------++-------
Melee: Dagger            |    48 |     3 ||    51
       Punch             |     1 |       ||     1
 Cast: Necrotise         |    67 |    72 ||   139
Armor: Robe              |    12 |     5 ||    17
Dodge: Dodged            |    69 |    39 ||   108
